 Dungeon Crawl Stone Soup version 0.31.0-32-g396128a36d (webtiles) character file.

Game seed: 9591841864515267309

290 Killerpretzel the Changeling (level 6, -5/61 HPs)
             Began as an Octopode Shapeshifter on Mar 8, 2024.
             Slain by Duvessa
             ... wielding a +0 short sword
              (11 damage)
             ... on level 4 of the Dungeon.
             The game lasted 00:04:46 (2855 turns).

Killerpretzel the Changeling (OpSh)                 Turns: 2855, Time: 00:04:47

Health: -5/61      AC: 23    Str: 13    XL:     6   Next: 32%
Magic:  6/6        EV:  2    Int: 12    God:
Gold:   139        SH:  0    Dex: 14    Spells: 5/5 levels left

rFire   . .          .
                       - Unarmed
rCold   . . .        (no shield)
rNeg    . . .        (helmet currently unavailable)
rPois   +            (no amulet)
rElec   .            n - +5 ring of evasion
rCorr   .            (no ring)
SInv    .            (no ring)
Will    .....        (no ring)
Stlth   +            (no ring)
HPRegen 0.30/turn    (no ring)
MPRegen 0.10/turn    (no ring)
                     (no ring)

%: no passive effects
@: tree-form
A: stationary, stasis, torment immunity, boosted hp, almost no armour,
(amphibious), 8 rings, (camouflage 1), (gelatinous body 1), (nimble swimmer 1),
(tentacles)
a: no special abilities


You were on level 4 of the Dungeon.
You were a tree.
You visited 1 branch of the dungeon, and saw 4 of its levels.

You collected 139 gold pieces.

Inventory:

Jewellery
 n - a +5 ring of evasion (left branch)
Talismans
 b - a beast talisman
 c - a flux talisman
Scrolls
 f - a scroll of fear
 q - a scroll of revelation
Potions
 a - a potion of lignification
 d - a potion of haste {unknown}
 e - 2 potions of mutation
 g - 2 potions of curing {unknown}
 h - a potion of attraction {unknown}
 i - 3 potions of degeneration
 k - a potion of resistance {unknown}
 o - a potion of enlightenment {unknown}
 r - a potion of heal wounds {unknown}


   Skills:
 + Level 2.7 Fighting
 + Level 3.3 Dodging
 + Level 4.1 Unarmed Combat
 * Level 4.6 Shapeshifting


You had 5 spell levels left.
You didn't know any spells.
Your spell library contained the following spells:

 Spells                   Type           Power      Damage    Failure   Level
 Slow                     Hex            0%         N/A       32%         1
 Confusing Touch          Hex            0%         N/A       69%         3
 Sigil of Binding         Hex            0%         N/A       69%         3
 Vampiric Draining        Necr           0%         2d6       69%         3


Dungeon Overview and Level Annotations

Branches:
Dungeon (4/15)
 Temple: D:4-7

Altars:

Shops:
D:1 *[??   D:3 :

Annotations:
D:3 exclusion: ogre, Pargi
D:4 Duvessa


Innate Abilities, Weirdness & Mutations

You are a tree.
Your roots penetrate the ground, keeping you stationary.
You cannot be teleported.
You are immune to unholy pain and torment.
Your maximum health is greatly increased.
You cannot wear most types of armour.
((You are amphibious.))
You can wear up to eight rings at the same time.
((Your skin changes colour to match your surroundings (Stealth+).))
((Your rubbery body absorbs attacks. (AC +1, EV +1)))
((You are camouflaged when in or above water. (Stealth+)))
((You have tentacles for arms and can constrict up to eight enemies at once.))


Message History

You barely miss Dowan. You squeeze Dowan!
You kill Dowan!
Duvessa screams, "No!
How DARE you!"
Duvessa goes berserk!
Things that are here:
a +0 dagger; a +0 robe of positive energy; the elf corpse of Dowan Your transformation has ended.
You turn into a tree.
Your roots penetrate the ground.
Duvessa hits you but does no damage.
Okay, then.
You hit Duvessa but do no damage. Duvessa hits you with a +0 short sword!
You smack Duvessa!
Duvessa is moderately wounded.
Duvessa hits you with a +0 short sword. Duvessa hits you but does no damage.
You smack Duvessa!
Duvessa is heavily wounded.
Duvessa hits you but does no damage.
You smack Duvessa!
Duvessa is severely wounded.
Duvessa hits you with a +0 short sword!
You hit Duvessa but do no damage.
Duvessa is severely wounded.
Duvessa hits you but does no damage. Duvessa hits you with a +0 short sword!
* * * LOW HITPOINT WARNING * * *
You barely miss Duvessa.
Duvessa is severely wounded.
Duvessa hits you but does no damage.
You hit Duvessa.
Duvessa is severely wounded.
Duvessa barely misses you.
You closely miss Duvessa.
Duvessa is severely wounded.
Duvessa hits you with a +0 short sword.
* * * LOW HITPOINT WARNING * * *
Duvessa hits you with a +0 short sword!
* * * LOW HITPOINT WARNING * * *
You hit Duvessa.
Duvessa is severely wounded.
Duvessa hits you with a +0 short sword!
You die...

#.##.##.....# #..#
.....##.....# #.#
##.####.....# #.# #.#
#....># #.# #.# #.....# #.#
#.# ###)### #.#
#.######.#### #.#
#...........####.#
#####.#..#.....♣e######
##....#.#..##.).....# ##
#.†#....#..##.#####.# ..
#.###......##.#####.##.##..
#..#......^##.##..........#
##.........##.##.##.##.##..
####.........## #e# #
#...#####......†# ...#
##.....##


You could see Duvessa (berserk).

Vanquished Creatures
  A bullfrog (D:4)
  Dowan (D:4)
  4 gnolls (D:3)
  5 adders
  4 ribbon worms (D:2)
  4 dart slugs
  4 orcs
  8 endoplasms
  2 giant cockroaches
  2 goblins (D:2)
  4 hobgoblins
  5 quokkas
  4 ball pythons
  13 bats
  2 frilled lizards (D:3)
  8 kobolds
  8 rats
79 creatures vanquished.

Notes
Turn   | Place    | Note
-------+----------+-------------------------------------------
     0 | D:1      | Killerpretzel the Octopode Shapeshifter began the quest for
                  | the Orb.
     0 | D:1      | Reached XP level 1. HP: 13/13 MP: 1/1
   120 | D:1      | Found Qugywi's Magic Scroll Shop.
   201 | D:1      | Found Sipt's Magic Scroll Emporium.
   257 | D:1      | Reached XP level 2. HP: 18/18 MP: 2/2
   318 | D:1      | Found Atsiw's General Store.
   335 | D:1      | Found a faded altar of an unknown god.
   417 | D:1      | Found Effotic's Antique Armour Emporium.
   668 | D:1      | Reached XP level 3. HP: 23/23 MP: 3/3
  1139 | D:2      | Reached XP level 4. HP: 29/29 MP: 4/4
  1437 | D:2      | You fall into a shaft and drop 1 floor!
  1556 | D:3      | Found Tustru's Book Emporium.
  1575 | D:3      | Noticed Pargi
  1628 | D:3      | Reached XP level 5. HP: 32/34 MP: 5/5
  1761 | D:3      | Noticed an ogre
  2830 | D:4      | Noticed Dowan
  2830 | D:4      | Noticed Duvessa
  2834 | D:4      | Reached XP level 6. HP: 29/41 MP: 6/6
  2843 | D:4      | Killed Dowan
  2855 | D:4      | Slain by Duvessa

Illustrated notes

Levels and vault maps discovered:
D:1:      roderic_chinese_lattice_arrival, layout_basic,
          nicolae_ecumenical_lake_church, serial_shops,
          nicolae_shop_tiny_real_fake_doors, shop, nicolae_shop_back_alley_shop,
          shop, dreamdust_wishing_well
D:2:      layout_rooms
D:3:      layout_basic, serial_shops, nicolae_shop_statue_plus, serial_glass,
          glass_columns_a, glass_columns_a, uniq_pargi
D:4:      layout_loops_cross, serial_library_hellmonk_recessed_alcove,
          uniq_grinder, uniq_duvessa

Skill      XL: |  1  2  3  4  5 |
---------------+----------------+-----
Fighting       | 2 |  2.7
Shapeshifting  | 4 |  4.6
Dodging        | 3 |  3.3
Unarmed Combat | 4 |  4.1

Action                     |  1- 3 |  4- 6 || total
---------------------------+-------+-------++-------
  Melee: Unarmed           |    71 |    93 ||   164
         Constrict         |    16 |    24 ||    40
         Tentacles         |    16 |    16 ||    32
         Punch             |     2 |     5 ||     7
    Use: Scroll            |     4 |     6 ||    10
         Potion            |       |     1 ||     1
   Stab: Sleeping          |     6 |     8 ||    14
 Armour: Skin              |    19 |    40 ||    59
  Dodge: Dodged            |    46 |    45 ||    91
